 Seeded DCSS version 0.31-a0-7-g51783674b7 (webtiles) character file.

Game seed: 1733080939206965448 (custom seed)

391 voltaire321 the Ducker (level 6, 0/48 HPs)
             Began as a Merfolk Gladiator on May 5, 2023.
             Succumbed to an adder's poison
             ... on level 4 of the Dungeon.
             The game lasted 00:05:44 (2566 turns).

voltaire321 the Ducker (Merfolk Gladiator)          Turns: 2566, Time: 00:05:44

Health: 0/48       AC:  6    Str: 15    XL:     6   Next: 80%
Magic:  0/6        EV: 14    Int:  9    God:
Gold:   215        SH:  0    Dex: 15    Spells: 5/5 levels left

rFire   . . .        q - +4 long sword "Gualus" {venom, Will+}
rCold   . . .        (no shield)
rNeg    . . .        b - +0 leather armour
rPois   .            c - +0 helmet
rElec   .            (no cloak)
rCorr   .            (no gloves)
SInv    .            i - +1 pair of boots
Will    +....        k - amulet of guardian spirit
Stlth   +            (no ring)
HPRegen 0.28/turn    (no ring)
MPRegen 0.10/turn

%: guardian spirit
@: lethally poisoned (0 -> -5)
A: (nimble swimmer 2), mertail
a: no special abilities


You were on level 4 of the Dungeon.
You visited 1 branch of the dungeon, and saw 4 of its levels.
You also visited: Ossuary.

You collected 215 gold pieces.

Inventory:

Hand Weapons
 a - a +0 long sword
 q - the +4 long sword "Gualus" (weapon) {venom, Will+}
   (You found it on level 3 of the Dungeon)

   Will:      It increases your willpower.
Missiles
 d - 3 throwing nets (quivered)
 e - a javelin
 n - 2 boomerangs
Armour
 b - a +0 leather armour (worn)
 c - a +0 helmet (worn)
 i - a +1 pair of boots (worn)
Jewellery
 k - an amulet of guardian spirit (around neck)
 l - a ring of fire
 t - a ring of flight
Wands
 o - a wand of roots (6)
 s - a wand of paralysis (7)
Scrolls
 g - a scroll of teleportation {unknown}
 h - 9 scrolls of identify {unknown}
 j - 3 scrolls of enchant armour {unknown}
 p - 7 scrolls of noise
 r - 2 scrolls of torment {unknown}
 u - a scroll of acquirement {unknown}
 x - 2 scrolls of vulnerability {unknown}
 y - a scroll of fog {unknown}
Potions
 f - 2 potions of flight
 m - 2 potions of might {unknown}
 v - a potion of haste {unknown}
 w - 3 potions of mutation
 z - a potion of curing {unknown}
 A - a potion of brilliance {unknown}
 B - a potion of magic {unknown}


   Skills:
 + Level 3.9 Fighting
 + Level 5.1 Long Blades
 + Level 3.5 Throwing
 + Level 2.0 Armour
 + Level 5.5 Dodging


You had 5 spell levels left.
You didn't know any spells.
Your spell library contained the following spells:

 Spells                   Type           Power      Damage    Failure   Level
 Summon Small Mammal      Summ           0%         N/A       45%         1
 Scorch                   Fire           0%         2d5       58%         2
 Call Canine Familiar     Summ           0%         N/A       83%         3
 Dazzling Flash           Conj/Hex       0%         N/A       83%         3
 Summon Guardian Golem    Hex/Summ       0%         N/A       83%         3
 Flame Wave               Conj/Fire      0%         2d4       99%         4
 Agony                    Necr           0%         N/A       100%        5
 Silence                  Hex/Air        0%         N/A       100%        5
 Summon Cactus Giant      Summ           0%         N/A       100%        6


Dungeon Overview and Level Annotations

Branches:
Dungeon (4/15)             Temple (0/1) D:4         Ossuary (visited)

Altars:
Okawaru


Innate Abilities, Weirdness & Mutations

((You are very nimble when in or above water. (Stealth+, EV+, Speed+++)))
Your lower body shifts to a powerful aquatic tail in water.


Message History

The magic dart hits you. The orc barely misses you. The orc closely misses you.
The orc barely misses you.
The orc wizard hits you but does no damage.
The adder bites you but does no damage.
You hit the orc wizard.
The orc wizard is poisoned.
The orc wizard is lightly wounded.
The adder barely misses you. The orc hits you with a +0 short sword.
* * * LOW HITPOINT WARNING * * *
The orc wizard hits you but does no damage.
The orc barely misses you.
You closely miss the adder. Your punch misses the adder.
The adder is severely wounded.
The adder misses you. The orc hits you with a +0 short sword.
* * * LOW HITPOINT WARNING * * *
The orc closely misses you.
The orc wizard hits you with a +1 dagger of freezing.
* * * LOW HITPOINT WARNING * * *
The orc wizard freezes you.
* * * LOW HITPOINT WARNING * * *
You slash the orc wizard!
You kill the orc wizard!
The adder bites you.
* * * LOW HITPOINT WARNING * * *
The orc closely misses you. The adder bites you.
* * * LOW HITPOINT WARNING * * *
The orc hits you but does no damage.
You slash the orc!
You kill the orc!
The adder bites you.
* * * LOW HITPOINT WARNING * * *
You are lethally poisoned!
The adder poisons you! The orc closely misses you.
You barely miss the orc.
* * * LOW HITPOINT WARNING * * *
You feel sick. The adder bites you but does no damage.
The orc hits you with a +0 whip.
* * * LOW HITPOINT WARNING * * *
The adder barely misses you.
You barely miss the orc.
You die...

...........#..............+ ##..
...........#..............###.#
..........................##..#
......#....P.P#...........#...###
..........##.##...............).#
.#.......P#...#P..........#...###
.#..........>.........###.##..#
#.......P#...#.S)........###.#
#.@)........+ ##..
..P.P.).o........# .#.
#................# #.
.................# .#
.##.....#..........
#.....#..........
#.....#........[. ......#......


You could see an adder (poisoned) and an orc.

Vanquished Creatures
  A centaur zombie (Ossuary)
  A hound (D:4)
  A gnoll bouda (D:4)
  A sleepcap (D:4)
  2 orc wizards (D:4)
  4 mummies
  5 gnolls (D:4)
  6 adders
  2 ufetubi (D:4)
  A dart slug (D:3)
  6 orcs
  2 endoplasms (D:2)
  2 giant cockroaches (D:4)
  4 goblins
  5 hobgoblins
  8 jackals
  3 kobolds (D:3)
  4 ball pythons
  A bat (D:2)
  A frilled lizard (D:1)
  A goblin zombie (Ossuary)
  2 hobgoblin zombies (Ossuary)
  An orc zombie (Ossuary)
  8 rats
72 creatures vanquished.

Vanquished Creatures (others)
  A plant (D:4)
1 creature vanquished.

Grand Total: 73 creatures vanquished

Notes
Turn   | Place    | Note
-------+----------+-------------------------------------------
     0 | D:1      | voltaire321 the Merfolk Gladiator began the quest for the
                  | Orb.
     0 | D:1      | Reached XP level 1. HP: 16/16 MP: 1/1
    44 | D:1      | Reached XP level 2. HP: 9/23 MP: 2/2
   375 | D:1      | Found a faded altar of an unknown god.
   738 | D:2      | Reached XP level 3. HP: 28/28 MP: 3/3
  1491 | D:3      | Identified the +4 long sword "Gualus" {venom, Will+}
  1820 | D:3      | Reached skill level 1 in Armour
  1880 | D:3      | Reached XP level 4. HP: 31/34 MP: 4/4
  2128 | D:3      | Found an iron altar of Okawaru.
  2202 | D:4      | Reached XP level 5. HP: 20/41 MP: 2/5
  2216 | D:4      | Reached skill level 5 in Dodging
  2271 | D:4      | Reached XP level 6. HP: 19/47 MP: 4/6
  2291 | D:4      | Found a staircase to the Ecumenical Temple.
  2338 | D:4      | Found a sand-covered staircase.
  2345 | Ossuary  | Entered an ossuary
  2437 | Ossuary  | Reached skill level 5 in Long Blades
  2565 | D:4      | HP: 2/48 [orc/+0 whip (1)]
  2566 | D:4      | Succumbed to an adder's poison

Illustrated notes

Levels and vault maps discovered:
D:1:      dpeg_arrival_shrine, layout_basic, shapermc_ecumenical_altar_pompeii
D:2:      layout_loops_ring, nicolae_concentric_dashed_squares_mild,
          minmay_hedge_maze, amcnicky_mini_rare_corridor_liquid,
          minmay_pentomino_z2
D:3:      layout_loops_cross, okawaru_altar_gauntlet_db
D:4:      layout_basic, minmay_temple_entry_gardened_gates,
          nicolae_ossuary_entry_giza, portal_sewer_entry_b, minmay_between

Skill      XL: |  1  2  3  4  5  6 |
---------------+-------------------+-----
Long Blades    | 4 5 |  5.1
Armour         | 1 2 |  2.0
Fighting       | 3 |  3.9
Dodging        | 5 |  5.5
Throwing       | 3 |  3.5

Action                     |  1- 3 |  4- 6 || total
---------------------------+-------+-------++-------
  Melee: Long sword        |    87 |   113 ||   200
         Punch             |       |     1 ||     1
    Use: Potion            |       |     1 ||     1
   Stab: Sleeping          |     2 |       ||     2
 Armour: Leather armour    |    26 |    47 ||    73
  Dodge: Dodged            |    91 |    95 ||   186

Table legend: (Time is in decaauts)
 A = Elapsed time spent in this place.
 B = Non-inter-level travel time spent in this place.
 C = Inter-level travel time spent in this place.
 D = Time resting spent in this place.
 E = Time spent auto-exploring this place.
 F = Levels seen in this place.
 G = Mean time per level.
                   A        B        C        D        E       F      G
               +--------+--------+--------+--------+--------+-----+--------+
         Total |   2594 |   2508 |     86 |     56 |   1718 |   5 |  518.8 |
       Dungeon |   2399 |   2313 |     86 |     56 |   1718 |   4 |  599.8 |
       Ossuary |    195 |    195 |      0 |      0 |      0 |   1 |  195.0 |
               +--------+--------+--------+--------+--------+-----+--------+

Top non-repeatable levels by time:
     D:2: 818 daAuts
     D:3: 774 daAuts
     D:1: 610 daAuts
     D:4: 196 daAuts
 Ossuary: 195 daAuts
